 Dungeon Crawl Stone Soup version 0.28-a0-8-g6e044cfa68 (webtiles) character file.

Game seed: 12790096735666007762

409 Demosthentine the Poker (level 6, 0/47 (48) HPs)
             Began as a Merfolk Gladiator on July 23, 2021.
             Slain by a wight (6 damage)
             ... on level 3 of the Dungeon on July 24, 2021.
             The game lasted 00:03:05 (4141 turns).

Demosthentine the Poker (Merfolk Gladiator)         Turns: 4141, Time: 00:03:06

HP:   0/47 (48)     AC:  6    Str: 16    XL:     6   Next: 89%
MP:   6/6           EV: 14    Int:  7    God:
Gold: 120           SH:  0    Dex: 16    Spells: 5/5 levels left

rFire   . . .      SeeInvis .   a - +0 trident
rCold   . . .      Faith    .   (no shield)
rNeg    . . .      Spirit   .   b - +0 leather armour
rPois   .          Reflect  .   i - +2 helmet
rElec   .          Harm     .   (no cloak)
rCorr   .          Rampage  .   (no gloves)
Will    +....                   (no boots)
Stlth   +.........              (no amulet)
HPRegen 0.15/turn               c - ring of willpower
MPRegen 0.10/turn               (no ring)

@: lightly drained
A: (nimble swimmer 2), mertail
a: no special abilities


You were on level 3 of the Dungeon.
You visited 1 branch of the dungeon, and saw 4 of its levels.

You collected 120 gold pieces.

Inventory:

Hand Weapons
 a - a +0 trident (weapon)
Armour
 b - a +0 leather armour (worn)
 i - a +2 helmet (worn)
Jewellery
 c - a ring of willpower (left hand)
Scrolls
 e - 2 scrolls of identify {unknown}
 k - a scroll of enchant armour
 l - a scroll of enchant weapon {unknown}
Potions
 f - a potion of curing {unknown}
 g - a potion of resistance
 h - a potion of lignification {unknown}
 j - a potion of ambrosia {unknown}


   Skills:
 + Level 4.2 Fighting
 + Level 6.6 Polearms
 - Level 2.0 Throwing
 + Level 2.3 Armour
 + Level 6.0 Dodging


You had 5 spell levels left.
You didn't know any spells.
Your spell library was empty.

Dungeon Overview and Level Annotations

Branches:
Dungeon (4/15)
 Temple: D:4-7

Altars:
Elyvilon
Fedhas
Uskayaw

Shops:
D:3 :


Innate Abilities, Weirdness & Mutations

((You are quick and stealthy near water. (Stealth+, EV+, Speed+++)))
Your lower body shifts to a powerful aquatic tail in water.


Message History

You destroy the wight!
Your Dodging skill increases to level 6!
You reach to attack!
You barely miss the wight. You barely miss the wight. You puncture the wight!
The wight is heavily damaged.
The wight barely misses you. x2
You hit the wight.
The wight is severely damaged.
The wight hits you from afar with a +3 halberd.
You feel drained. The wight hits you with a +3 battleaxe!
The wight barely misses you.
You closely miss the wight.
The wight is severely damaged.
The wight closely misses you. x2; The wight hits you with a +0 mace.
You are too injured to fight recklessly!
You are too injured to fight recklessly!
You are too injured to fight recklessly!
You are too injured to fight recklessly!
You are too injured to fight recklessly!
You are too injured to fight recklessly!
You are too injured to fight recklessly!
You are too injured to fight recklessly!
You are too injured to fight recklessly!
You are too injured to fight recklessly!
You are too injured to fight recklessly!
You are too injured to fight recklessly!
You are too injured to fight recklessly!
Unknown command.
The wight hits you from afar with a +3 halberd!
* * * LOW HITPOINT WARNING * * *
The wight hits you with a +3 battleaxe!
* * * LOW HITPOINT WARNING * * *
The wight misses you.
You climb upwards.
There is a stone staircase leading down here.
You closely miss the wight.
The wight is severely damaged.
The wight hits you with a +3 battleaxe.
You die...

#..#.≈≈≈≈............########
#.[#≈...≈####.#.......<.....#
...#.##.......#.#######.###.#
#...........)[...# #.# #.#
#######.......#>.# #.# #.#
#..........# #.# #.#
#.......##z# #.# #.#
#.......##z# #.# #.#
####.......##@# #.# #.#
#.............# #.# #.#
#.#####.#####.# #.# #.# #.#
#.# #...# #.# #.# #.#
#.###.#.# #.# #.# #.#
#...#.#.# #.# #.# #.#
###.#.#.# #.# #.##### #.#
#.#.#.# #.# #.....# #.#
#†#.#.# #.# ####...


You could see 2 wights.

Vanquished Creatures
  A scorpion (D:3)
  A wyvern skeleton (D:4)
  2 wights
  An orc wizard (D:3)
  Robin (D:2)
  4 adders
  4 gnolls (D:4)
  A dart slug (D:1)
  5 orcs
  6 ball pythons
  5 bats
  9 endoplasms
  A giant cockroach (D:3)
  12 goblins
  10 hobgoblins
  13 jackals (D:1)
  3 kobolds
  4 quokkas
  4 frilled lizards
  5 rats
92 creatures vanquished.

Notes
Turn   | Place    | Note
-------+----------+-------------------------------------------
     0 | D:1      | Demosthentine the Merfolk Gladiator began the quest for the
                  | Orb.
     0 | D:1      | Reached XP level 1. HP: 16/16 MP: 1/1
    19 | D:1      | Found a faded altar of an unknown god.
   182 | D:1      | Reached XP level 2. HP: 21/23 MP: 2/2
   830 | D:1      | Reached XP level 3. HP: 20/28 MP: 3/3
   991 | D:1      | Reached skill level 5 in Polearms
  1396 | D:2      | Reached skill level 1 in Armour
  1736 | D:2      | Reached XP level 4. HP: 34/34 MP: 4/4
  2044 | D:2      | Noticed Robin
  2059 | D:2      | Killed Robin
  2685 | D:3      | Found a hide-covered altar of Uskayaw.
  2796 | D:3      | Noticed a scorpion
  2826 | D:3      | Killed a scorpion
  2827 | D:3      | Reached skill level 5 in Dodging
  2827 | D:3      | Reached XP level 5. HP: 35/41 MP: 5/5
  2908 | D:3      | Found a blossoming altar of Fedhas.
  3304 | D:3      | Found Soecurao's Book Shop.
  3483 | D:4      | Reached XP level 6. HP: 48/48 MP: 6/6
  3810 | D:4      | Found a white marble altar of Elyvilon.
  4141 | D:3      | Slain by a wight

Illustrated notes

Levels and vault maps discovered:
D:1:      onia_arrival_mini_spirals, layout_basic, basic_ecumenical_altar,
          kennysheep_doodads, hangedman_abyss_or_decor_lesser_grid
D:2:      layout_basic, uniq_robin
D:3:      layout_loops_ring, mainiacjoe_overflow_six_doors_small,
          fedhas_altar_2, serial_shops, shop
D:4:      layout_loops_ring, lightli_temple_of_fire, elyvilon_altar_5,
          kennysheep_generic_room_15

Skill      XL: |  1  2  3  4  5  6 |
---------------+-------------------+-----
Polearms       | 5 6 |  6.6
Armour         | 1 2 |  2.3
Fighting       | 3 4 |  4.2
Dodging        | 5 6 |  6.0
Throwing       | |  2.0

Action                   |  1- 3 |  4- 6 || total
-------------------------+-------+-------++-------
Melee: Trident           |   148 |   195 ||   343
       Tailslap          |       |     1 ||     1
Throw: Throwing net      |       |     5 ||     5
  Use: Scroll            |     2 |     1 ||     3
       Potion            |       |     2 ||     2
 Stab: Distracted        |     1 |     1 ||     2
       Sleeping          |       |     3 ||     3
Armor: Leather armour    |    47 |    31 ||    78
Dodge: Dodged            |    87 |   107 ||   194

Table legend: (Time is in decaauts)
 A = Elapsed time spent in this place.
 B = Non-inter-level travel time spent in this place.
 C = Inter-level travel time spent in this place.
 D = Time resting spent in this place.
 E = Time spent auto-exploring this place.
 F = Levels seen in this place.
 G = Mean time per level.
                   A        B        C        D        E       F      G
               +--------+--------+--------+--------+--------+-----+--------+
         Total |   4151 |   4000 |    151 |    244 |   3127 |   4 | 1037.8 |
       Dungeon |   4151 |   4000 |    151 |    244 |   3127 |   4 | 1037.8 |
               +--------+--------+--------+--------+--------+-----+--------+

Top non-repeatable levels by time:
     D:1: 1377 daAuts
     D:2: 1269 daAuts
     D:3: 1070 daAuts
     D:4: 433 daAuts
